 Dungeon Crawl Stone Soup version 0.31.0-11-ge490571c62 (webtiles) character file.

Game seed: 17702724366042057537

1437 Persephone the Cleaver (level 8, -2/46 HPs)
             Began as a Gargoyle Fighter on Jan 29, 2024.
             Was a Believer of Okawaru.
             Slain by a skeletal warrior
             ... wielding a +1 heavy dire flail
              (7 damage)
             ... on level 6 of the Dungeon.
             The game lasted 00:09:08 (6215 turns).

Persephone the Cleaver (Gargoyle Fighter)           Turns: 6215, Time: 00:09:08

Health: -2/46      AC: 23    Str: 22    XL:     8   Next: 74%
Magic:  6/8        EV: 10    Int:  9    God:    Okawaru [**....]
Gold:   368        SH: 10    Dex:  9    Spells: 7/7 levels left

rFire   x . .        a - +0 war axe
rCold   + + .        x - +0 kite shield
rNeg    + . .        y - +0 ice dragon scales
rPois   ∞            (no helmet)
rElec   +            t - +0 cloak
rCorr   .            (no gloves)
SInv    .            (no boots)
Will    .....        (no amulet)
Stlth   +            j - +4 ring of protection
HPRegen 0.27/turn    (no ring)
MPRegen 0.11/turn

%: no passive effects
@: mighty, heroic
A: sickness immunity, AC +5, negative energy resistance 1, electricity
resistance, torment resistance 1, petrification resistance
a: Renounce Religion, Heroism


You were on level 6 of the Dungeon.
You worshipped Okawaru.
Okawaru was pleased with you.
You visited 1 branch of the dungeon, and saw 6 of its levels.
You also visited: Sewer.

You collected 368 gold pieces.

Inventory:

Hand Weapons
 a - a +0 war axe (weapon)
Armour
 t - a +0 cloak (worn)
 w - a +0 chain mail
 x - a +0 kite shield (worn)
 y - +0 ice dragon scales (worn)
Jewellery
 j - a +4 ring of protection (left hand)
Wands
 c - a wand of polymorph (14)
Scrolls
 b - 2 scrolls of fog
 f - a scroll of revelation
 g - 2 scrolls of vulnerability
 h - 2 scrolls of enchant weapon
 l - a scroll of identify
 m - a scroll of acquirement {unknown}
 p - 2 scrolls of enchant armour {unknown}
 s - 5 scrolls of teleportation {unknown}
 v - a scroll of blinking
 z - a scroll of fear
Potions
 e - 3 potions of brilliance {unknown}
 i - 2 potions of heal wounds {unknown}
 k - a potion of resistance {unknown}
 n - a potion of magic {unknown}
 o - a potion of attraction {unknown}
 q - 3 potions of curing {unknown}
 r - a potion of berserk rage {unknown}
 u - a potion of cancellation {unknown}
 A - a potion of lignification {unknown}


   Skills:
 - Level 3.2(8.2) Fighting
 * Level 9.0(14.0) Axes
 - Level 3.2(8.2) Armour
 + Level 5.6(10.6) Shields


You had 7 spell levels left.
You didn't know any spells.
Your spell library contained the following spells:

 Spells                   Type           Power      Damage    Failure   Level
 Kiss of Death            Conj/Necr      0%         2d5       89%         1
 Sting                    Conj/Alch      0%         1d3       89%         1
 Mercury Vapours          Alch/Air       0%         N/A       96%         2
 Confusing Touch          Hex            0%         N/A       99%         3
 Fugue of the Fallen      Necr           0%         N/A       99%         3
 Ozocubu's Armour         Ice            0%         N/A       99%         3
 Dispel Undead            Necr           0%         3d6       100%        4
 Ignite Poison            Fire/Alch      0%         N/A       100%        4
 Manifold Assault         Tloc           0%         N/A       100%        4
 Olgreb's Toxic Radiance  Alch           0%         N/A       100%        4
 Fireball                 Conj/Fire      0%         3d3       100%        5
 Summon Blazeheart Golem  Fire/Summ      Unusable   N/A       N/A         4

Dungeon Overview and Level Annotations

Branches:
Dungeon (6/15)             Temple (0/1) D:5           Sewer (visited)

Altars:
Ashenzari
Dithmenos
Elyvilon
Fedhas
Makhleb
Nemelex Xobeh
Okawaru
Uskayaw
Wu Jian
Xom

Shops:
D:1 =   D:5 *

Annotations:
D:6 exclusion: oklob plant


Innate Abilities, Weirdness & Mutations

You are immune to sickness and miasma.
Your stone body is resilient. (AC +5)
You are immune to poison.
You resist negative energy. (rN+)
You are resistant to electric shocks. (rElec)
You are resistant to unholy torment.
You are immune to petrification.


Message History

Auto kill stopped - Too dangerous: Extremely Dangerous (1) Dangerous (0) Easy (0) Harmless (0)
An oklob plant comes into view.
Marking area around an oklob plant as unsafe for travelling.
q - 3 metallic brown potions (gained 1)
The frilled lizard hisses angrily.
s - 4 scrolls labelled ECE IDYQEGHIF (gained 1)
You open the door.
There is an open door here.
You now have enough gold to buy a +6 ring of dexterity on D:1, or buy a +5 ring of evasion on D:1.
You can access your shopping list by pressing '$'.
You now have 368 gold pieces (gained 11).
You see here a stone.
s - 5 scrolls labelled ECE IDYQEGHIF (gained 1)
A - a lumpy puce potion You see here a stone.
There is an open door here.
Auto kill stopped - Too dangerous: Extremely Dangerous (1) Dangerous (0) Easy (0) Harmless (0)
A skeletal warrior comes into view. It is wielding a +1 heavy dire flail.
Found a faded altar of an unknown god.
You feel very mighty all of a sudden.
You gain the combat prowess of a mighty hero.
You slice the skeletal warrior!!
The skeletal warrior is moderately damaged.
The skeletal warrior hits you with a +1 heavy dire flail!!
Ouch! That really hurt!
You slash the skeletal warrior!
The skeletal warrior is heavily damaged.
You hit the skeletal warrior.
The skeletal warrior is heavily damaged.
The skeletal warrior hits you with a +1 heavy dire flail.
You slash the skeletal warrior!
The skeletal warrior is severely damaged.
You closely miss the skeletal warrior.
The skeletal warrior is severely damaged.
The skeletal warrior hits you with a +1 heavy dire flail!
* * * LOW HITPOINT WARNING * * *
You closely miss the skeletal warrior.
The skeletal warrior is severely damaged.
The skeletal warrior hits you with a +1 heavy dire flail!
You die...

...######...#####..# ###.#.#.###
##.................## #..~#.#~.~#
.....####...z.......###~###.###.#
.....# #.....##.#.##~b~#.....#b~
.....####.....#.....#####.....###
.....#.......##..#...............
.....#.########.....#####.....###
######.# ##.##.#b~.#.....#l~ #.#
#.@..####~#######~# ######z#
##z...# #.~....~..# #......#
#.#..# ###.###~### ..z#####
#.#..# #.#.#.# ...#####
#.#.########.##### .......#
#.#.......#..##... .......#
#.####...##......> ....^.<#
#...z....#........ .......#
######...#......##


You could see a skeletal warrior.

Vanquished Creatures
  3 ice beasts
  A black bear (D:5)
  2 ogres
  A kobold brigand (Sewer)
  2 brain worms (Sewer)
  A bullfrog (D:6)
  2 scorpions
  A jelly (D:5)
  A hound (D:4)
  2 iguanas
  2 sleepcaps (D:4)
  2 orc wizards
  Terence (D:3)
  15 adders
  A river rat (Sewer)
  A shadow imp (D:6)
  3 ribbon worms
  5 dart slugs
  15 orcs
  13 ball pythons
  6 endoplasms
  5 giant cockroaches
  8 goblins
  2 hobgoblins (D:2)
  11 jackals
  4 kobolds
  3 quokkas
  7 bats
  4 frilled lizards
  9 rats
133 creatures vanquished.

Notes
Turn   | Place    | Note
-------+----------+-------------------------------------------
     0 | D:1      | Persephone the Gargoyle Fighter began the quest for the
                  | Orb.
     0 | D:1      | Reached XP level 1. HP: 14/14 MP: 1/1
    29 | D:1      | Found a faded altar of an unknown god.
    80 | D:1      | Reached skill level 2 in Axes
   103 | D:1      | Reached XP level 2. HP: 19/19 MP: 2/2
   689 | D:1      | Found Nuwefal's Jewellery Emporium.
   713 | D:1      | Reached skill level 3 in Axes
   743 | D:1      | Reached XP level 3. HP: 23/23 MP: 3/3
  1200 | D:2      | Got the Tractate on Anthracomancy
  1344 | D:2      | Reached XP level 4. HP: 24/28 MP: 4/4
  1736 | D:3      | Reached skill level 4 in Axes
  1784 | D:3      | Found a hide-covered altar of Uskayaw.
  1796 | D:3      | Noticed Terence
  1802 | D:3      | Killed Terence
  1848 | D:3      | Found an iron altar of Okawaru.
  1909 | D:3      | Became a worshipper of Warmaster Okawaru
  2195 | D:3      | Found a sparkling altar of Nemelex Xobeh.
  2216 | D:3      | Found a broken altar of Ashenzari.
  2216 | D:3      | Found an ornate altar of the Wu Jian Council.
  2381 | D:4      | Reached XP level 5. HP: 30/32 MP: 5/5
  2512 | D:4      | Reached skill level 5 in Axes
  2542 | D:4      | Reached XP level 6. HP: 34/37 MP: 6/6
  2587 | D:4      | Found a glowing drain.
  2593 | Sewer    | Entered a sewer
  2875 | Sewer    | Reached * piety under Okawaru
  2876 | Sewer    | Reached skill level 6 in Axes
  2896 | Sewer    | Reached XP level 7. HP: 16/41 MP: 7/7
  3653 | D:4      | Reached skill level 5 in Shields
  3941 | D:4      | Reached skill level 7 in Axes
  4260 | D:4      | Found a shimmering altar of Xom.
  4267 | D:4      | Found a white marble altar of Elyvilon.
  4476 | D:5      | Entered Level 5 of the Dungeon
  4485 | D:5      | Identified the +7 dagger of Mana {flame, +Blink}
  4541 | D:5      | Reached XP level 8. HP: 38/46 MP: 5/8
  4670 | D:5      | Found a burning altar of Makhleb.
  4714 | D:5      | Reached skill level 8 in Axes
  4735 | D:5      | Found Oggosch's CLEARANCE SALE!.
  4745 | D:5      | Reached ** piety under Okawaru
  4953 | D:5      | Found a staircase to the Ecumenical Temple.
  4987 | D:5      | Found a shadowy altar of Dithmenos.
  5768 | D:6      | Reached skill level 9 in Axes
  5775 | D:6      | Found a blossoming altar of Fedhas.
  5792 | D:6      | Noticed an oklob plant
  6145 | D:6      | Found a faded altar of an unknown god.
  6145 | D:6      | Noticed a skeletal warrior
  6145 | D:6      | Found the Hermit's Pendant {Faith Invo=14 Evo=0 MP+5}
  6215 | D:6      | Slain by a skeletal warrior

Illustrated notes

Levels and vault maps discovered:
D:1:      dpeg_arrival_shelter, layout_basic, serial_shops,
          nicolae_shop_just_a_little_nook, chequers_ecumenical_altar_simple,
          minmay_crystal_water, kennysheep_nondescript
D:2:      layout_loops_ring, chequers_serial_rivers_marsh
D:3:      layout_basic, okawaru_trees_2, nicolae_uskayaw_dance_hall,
          mainiacjoe_overflow_alcove_2, gammafunk_temple_overflow_statue,
          hangedman_decor_lopped, grunt_ministairs_15, uniq_terence
D:4:      layout_basic, minitemple, mainiacjoe_sewer_entry_somewhere_in_here_2,
          minmay_misc_feat_x
D:5:      layout_basic, mainiacjoe_overflow_concentric_impassable,
          mainiacjoe_overflow_paths, temple_doors_e,
          hangedman_abyss_or_decor_stabs, nicolae_shop_clearance
D:6:      layout_basic, tgw_fedhas, serial_aquarium,
          aquarium_bridge_island_small [aquarium_subvault_small_open,
          aquarium_subvault_bridge, aquarium_subvault_bridge,
          aquarium_subvault_balcony, aquarium_subvault_bridge],
          aquarium_window_2, aquarium_window_fake, aquarium_view_2c,
          aquarium_view_2b, aquarium_pool_split, hellmonk_guarded_unrand_hermit

Skill      XL: |  1  2  3  4  5  6  7  8 |
---------------+-------------------------+-----
Axes           | 2 3 4 5 6 7 9 |  9.0
Shields        | 4 5 |  5.6
Fighting       | |  3.2
Armour         | |  3.2

Action                     |  1- 3 |  4- 6 |  7- 9 || total
---------------------------+-------+-------+-------++-------
  Melee: War axe           |    99 |   259 |   183 ||   541
 Invoke: Heroism           |       |       |     2 ||     2
    Use: Scroll            |       |     7 |     2 ||     9
         Potion            |       |       |     2 ||     2
 Armour: Scale mail        |    67 |   183 |    68 ||   318
         Ice dragon scales |       |       |    36 ||    36
         Chain mail        |       |       |    12 ||    12
  Dodge: Dodged            |    52 |   121 |    61 ||   234
  Block: Buckler           |    18 |    58 |    19 ||    95
         Kite shield       |       |       |    22 ||    22
